AoeStats
← Julix

Arabia

510262585Analyzed
1v1 RM · 1d ago on Sep 30, 2026· 31m 32s· 2 players
Game mode
Random Map
Map size
Tiny (2 player)
Population
200
Speed
Normal
Resources
Standard
Victory
Conquest
Starting age
Dark Age
Ending age
Imperial Age
RankedLock teamsTeams togetherTeam positionsShared explorationLock speedFull tech treeHidden civsTurbo modeCheats
Victory
Defeat
🇹🇼 Lithuanians · Taiwan
1474
+15
🇹🇷 Saracens · Türkiye
1451
-15
Berkay707
5:50 Loom
9:14 Feudal Age
9:51 Double-Bit Axe
12:01 Horse Collar
20:36 Castle Age
18:47 Scale Barding Armor
19:50 Forging
20:23 Scale Mail Armor
20:39 Forging
20:20 Fletching
22:06 Husbandry
23:10 Wheelbarrow
23:50 Bloodlines
25:03 Chain Barding Armor
26:23 Elite Skirmisher
30:26 Iron Casting
30:02 Gold Mining
31:16 Town Watch
Julix
6:16 Loom
9:18 Feudal Age
10:03 Double-Bit Axe
20:03 Castle Age
18:55 Scale Barding Armor
19:11 Bloodlines
19:44 Forging
19:29 Horse Collar
21:28 Bow Saw
24:11 Fervor
26:20 Husbandry
28:34 Gold Mining
29:44 Wheelbarrow
29:20 Heavy Plow
30:46 Chain Barding Armor
30:55 Sanctity
31:02 Town Watch
Connection lost

Rejoining the realm…

Still unreachable

The connection could not be restored.

Session expired

The server has moved on; the page needs a fresh start.